 Dungeon Crawl Stone Soup version 0.30-a0-159-g068b764562 (webtiles) character file.

Game seed: 13739209897107723333

53 NinjaNoafa the Conjurer (level 3, 28/28 (29) HPs)
             Began as a Draconian Reaver on Sept 27, 2022.
             Was an Initiate of Ashenzari.
             Quit the game on level 2 of the Dungeon.
             The game lasted 00:03:52 (2531 turns).

NinjaNoafa the Conjurer (Draconian Reaver)          Turns: 2531, Time: 00:03:53

HP:   28/28 (29)    AC:  5    Str: 14    XL:     3   Next: 62%
MP:   6/6           EV: 12    Int: 15    God:    Ashenzari [......]
Gold: 59            SH:  0    Dex:  9    Spells: 5/6 levels left

rFire   . . .      SeeInvis .    a - +0 falchion "Behold Eternity" {Bglg, Elem} (curse)
rCold   . . .      Faith    .    (no shield)
rNeg    . . .      Spirit   .    (body armour unavailable)
rPois   .          Reflect  .    (helmet restricted)
rElec   .          Harm     .    (no cloak)
rCorr   .          Rampage  .    (no gloves)
Will    .....                    (no boots)
Stlth   +.........               (no amulet)
HPRegen 0.09/turn                (no ring)
MPRegen 0.10/turn                (no ring)

@: lightly drained
A: AC +5, unfitting armour, cold-blooded
a: Renounce Religion, Curse Item, Shatter the Chains


You were on level 2 of the Dungeon.
You worshipped Ashenzari.
Ashenzari was noncommittal.
You visited 1 branch of the dungeon, and saw 3 of its levels.

You collected 59 gold pieces.

Inventory:

Hand Weapons
 a - the cursed +0 falchion "Behold Eternity" (weapon) {Bglg, Elem}

   It has a curse which improves the following skills: Beguiling: Conjurations,
   Hexes and Translocations.
   Elements:  Fire Magic, Ice Magic, Air Magic and Earth Magic.
Missiles
 c - 12 poisoned darts
 g - 7 stones
Scrolls
 d - a scroll of blinking {unknown}
 e - 3 scrolls of identify {unknown}
 f - a scroll of vulnerability {unknown}
 k - a scroll of enchant armour {unknown}
 l - a scroll of amnesia {unknown}
 n - a scroll of teleportation {unknown}
Potions
 b - a potion of brilliance {unknown}
 h - 3 potions of attraction {unknown}
 i - a potion of curing {unknown}
 j - a potion of mutation {unknown}
 m - a potion of degeneration {unknown}


   Skills:
 - Level 2.1 Fighting
 - Level 3.0 Long Blades
 - Level 1.7 Dodging
 - Level 2.0 Spellcasting
 + Level 3.9(4.3) Conjurations
 + Level 2.2 Necromancy


You had 5 spell levels left.
You knew the following spells:

 Your Spells              Type           Power      Damage    Failure   Level
a - Kiss of Death         Conj/Necr      44%        2d8       6%          1

Your spell library contained the following spells:

 Spells                   Type           Power      Damage    Failure   Level
 Volcanic Tap             Conj/Fire/Erth 10%        3d8       19%         2
 Freeze                   Ice            4%         1d3       22%         1
 Hailstorm                Conj/Ice       8%         3d4       26%         3
 Frozen Ramparts          Ice            2%         1d1       54%         3
 Ignite Poison            Fire/Tmut/Pois 1%         N/A       54%         3
 Sticky Flame             Conj/Fire      8%         2d3       65%         4
 Ignition                 Fire           0%         3d3       100%        8


Dungeon Overview and Level Annotations

Branches:
Dungeon (3/15)

Altars:
Ashenzari


Innate Abilities, Weirdness & Mutations

Your plain brown scales are hard. (AC +5)
You cannot fit into any form of body armour.
You are cold-blooded and may be slowed by cold attacks.


Message History

You hit the orc.
The orc is heavily wounded.
The orc hits you but does no damage.
You hit the orc.
The orc is severely wounded.
The orc hits you with a +0 hand axe.
You hit the orc.
You kill the orc!
Things that are here:
a +0 hand axe; a +0 ring mail; an orc corpse A rat comes into view.
The rat bites you but does no damage.
You hit the rat.
You kill the rat!
Found a stone staircase leading down.
Found a leather armour.
Found a stone staircase leading up.
Found a stone staircase leading up.
m - a green potion
n - a scroll labelled ARUENE ERCHOM A giant cockroach comes into view.
There is a stone staircase leading up here.
You climb upwards.
Ashenzari invites you to partake of a vision and a curse of beguiling and evocations.
Found an Everburning Encyclopedia and a scroll labelled CYUMAE GOLITAEGH.
There is a stone staircase leading down here.
Okay, then.
Okay, then.
Okay, then.
You pick up an Everburning Encyclopedia and begin reading...
You add the spells Ignite Poison, Sticky Flame and Ignition to your library.
Okay, then.
Okay, then.
You aren't carrying any items that you can evoke.
e - 3 scrolls labelled CYUMAE GOLITAEGH (gained 1)
Found a leather armour.
You see here the +0 robe of the Blacksmith {Contam Str-4 Int+9 SInv}.
Found a stone staircase leading down.
You see here the +0 robe of the Blacksmith {Contam Str-4 Int+9 SInv}.
Are you sure you want to abandon this character and quit the game? (Confirm with "yes".)

......#.......#
#.#..#..#....##
......#>.......
#.#.....#.#...#
..........#...#
#.###.#.#.#.#.#
##.....#..# #
#...#...#...#.#
#........#
####.#####.....#
#.....#.##
#....#####....##
#.....#.#
#.#####..<..#.#
#.#####.# ###.#
#.###...#
#.#####.# #..@#
#.# #####
##.......# #.###
#.# ..########
#.# ###
.#.......# #.#
.###.###.# #.#
.###.# #.#####.#
.....# #.......#
###### #########


There were no monsters in sight!

Vanquished Creatures
  A gnoll (D:1)
  An adder (D:3)
  2 dart slugs (D:1)
  An orc (D:3)
  3 endoplasms (D:1)
  3 goblins (D:1)
  2 ball pythons
  7 bats
  4 frilled lizards (D:1)
  A kobold (D:1)
  7 rats
32 creatures vanquished.

Notes
Turn   | Place    | Note
-------+----------+-------------------------------------------
     0 | D:1      | NinjaNoafa the Draconian Reaver began the quest for the
                  | Orb.
     0 | D:1      | Reached XP level 1. HP: 17/17 MP: 3/3
   292 | D:1      | Reached skill level 1 in Necromancy
   292 | D:1      | Reached XP level 2. HP: 20/24 MP: 5/5
   505 | D:1      | HP: 1/24 [gnoll/+0 flail (1)]
   959 | D:1      | Reached XP level 3. HP: 18/24 MP: 6/6
  1400 | D:1      | Found a faded altar of an unknown god.
  1411 | D:1      | Prayed at the altar of an unknown god.
  1411 | D:1      | Became a worshipper of Ashenzari the Shackled
  1603 | D:2      | You fall into a shaft and drop 1 floor!
  2515 | D:2      | Identified the +0 robe of the Blacksmith {Contam Str-4
                  | Int+9 SInv}
  2531 | D:2      | Quit the game

Illustrated notes

Levels and vault maps discovered:
D:1:      nicolae_arrival_somewhat_less_tricky_arrival, layout_loops_ring,
          dreamdust_ecumenical_altar_statues
D:2:      layout_basic, lemuel_flame_loot_1
D:3:      layout_basic, mainiacjoe_overflow_chevrons

Skill      XL: |  1  2  3 |
---------------+----------+-----
Necromancy     | 1 2 |  2.2
Fighting       | |  2.1
Long Blades    | |  3.0
Dodging        | |  1.7
Spellcasting   | |  2.0
Conjurations   | |  3.9

Action                   || total
-------------------------++-------
Melee: Falchion          ||   102
       Tailslap          ||     8
       Punch             ||     1
 Cast: Kiss of Death     ||     2
Invok: Curse Item        ||     1
Armor: Skin              ||    49
Dodge: Dodged            ||    63

Table legend: (Time is in decaauts)
 A = Elapsed time spent in this place.
 B = Non-inter-level travel time spent in this place.
 C = Inter-level travel time spent in this place.
 D = Time resting spent in this place.
 E = Time spent auto-exploring this place.
 F = Levels seen in this place.
 G = Mean time per level.
                   A        B        C        D        E       F      G
               +--------+--------+--------+--------+--------+-----+--------+
         Total |   2547 |   2409 |    138 |      0 |   2056 |   3 |  849.0 |
       Dungeon |   2547 |   2409 |    138 |      0 |   2056 |   3 |  849.0 |
               +--------+--------+--------+--------+--------+-----+--------+

Top non-repeatable levels by time:
     D:1: 1568 daAuts
     D:2: 710 daAuts
     D:3: 267 daAuts
